AoeStats
← undercat

Arabia

507888197Analyzed
1v1 RM · 13d ago on Sep 20, 2026· 40m 50s· 2 players
Game mode
Random Map
Map size
Tiny (2 player)
Population
200
Speed
Normal
Resources
Standard
Victory
Conquest
Starting age
Dark Age
Ending age
Imperial Age
RankedLock teamsTeams togetherTeam positionsShared explorationLock speedFull tech treeHidden civsTurbo modeCheats
Victory
Defeat
🇹🇼 Mongols · Taiwan
934
+16
🇨🇱 Vikings · Chile
933
-16
gonzalo.moyas
2:28 Loom
10:44 Feudal Age
11:32 Double-Bit Axe
14:56 Town Watch
18:11 Castle Age
16:26 Horse Collar
18:52 Scale Mail Armor
19:02 Forging
22:17 Bow Saw
22:00 Gold Mining
25:23 Squires
26:28 Fletching
31:07 Elite Skirmisher
32:05 Heavy Plow
33:04 Padded Archer Armor
33:36 Gambesons
34:01 Town Patrol
37:41 Imperial Age
36:56 Ballistics
36:46 Masonry
36:37 Bodkin Arrow
37:09 Leather Archer Armor
37:36 Treadmill Crane
39:06 Conscription
38:51 Bracer
undercat
7:07 Loom
8:56 Feudal Age
10:15 Double-Bit Axe
20:16 Castle Age
18:47 Fletching
20:44 Bloodlines
21:55 Bow Saw
22:37 Bodkin Arrow
23:32 Padded Archer Armor
24:52 Husbandry
26:38 Ballistics
33:40 Imperial Age
31:39 Scale Barding Armor
31:32 Gold Mining
34:59 Chain Barding Armor
34:58 Bracer
37:25 Chemistry
37:43 Leather Archer Armor
40:13 Forging
Connection lost

Rejoining the realm…

Still unreachable

The connection could not be restored.

Session expired

The server has moved on; the page needs a fresh start.